Map: Flashback EE

Players

MRP

  • Race: Protoss Protoss
  • Spawn Location: 7:00

ALEPH

  • Race: Protoss Protoss
  • Spawn Location: 7:00

AlEHaD

  • Race: Protoss Protoss
  • League: Platinum
  • Spawn Location: 7:00

TATORREA

  • Race: Protoss Protoss
  • League: Gold
  • Spawn Location: 11:00

MrFercho

  • Race: Zerg Zerg
  • League: Gold
  • Spawn Location: 9:00

tigro

  • Race: Terran Terran
  • League: Bronze
  • Spawn Location: 11:00

VOD

Have the link to the VOD?

Description

Time

  • Played on: Aug. 15, 2020, 11:03 p.m.
  • Length: 12:13
Show
View Real Time Build Order
Export as new Build Order

MRP Protoss 

Build Orders: Phoenix Opening, Carriers, Carrier Rush 

Get SALT Encoding   

  12  0:01  Probe  
  13  0:14  Probe  
  14  0:27  Probe  
  15  0:31  Assimilator  
  15  0:33  Pylon  
  15  0:51  Probe  
  15  0:53  Gateway  
  16  1:03  Probe (Chrono Boost)  
  17  1:10  Pylon  
  17  1:13  Probe (Chrono Boost)  
  17  1:18  Probe (Chrono Boost)  
  19  1:42  Probe (Chrono Boost)  
  19  1:45  Nexus  
  20  1:53  Probe (Chrono Boost)  
  21  1:58  Probe (Chrono Boost)  
  22  2:05  Cybernetics Core  
  22  2:08  Probe  
  22  2:12  Assimilator  
  23  2:18  Pylon  
  23  2:20  Probe (Chrono Boost)  
  24  2:33  Probe (Chrono Boost)  
  25  2:40  Probe (Chrono Boost)  
  26  2:47  Stargate  
  26  2:51  Stargate  
  26  3:01  Assimilator  
  26  3:02  Assimilator  
  26  3:06  Probe (Chrono Boost)  
  27  3:13  Pylon  
  27  3:15  Probe (Chrono Boost)  
  28  3:20  Probe (Chrono Boost)  
  29  3:31  Phoenix  
  31  3:40  Fleet Beacon, Probe (Chrono Boost)  
  32  3:50  Probe (Chrono Boost)  
  32  3:53  Probe (Chrono Boost)  
  32  3:55  Probe (Chrono Boost)  
  35  4:03  Probe  
  35  4:06  Probe  
  37  4:10  Protoss Air Weapons Level 1 (Chrono Boost)  
  37  4:15  Probe  
  38  4:18  Probe  
  39  4:26  Carrier (Chrono Boost)  
  51  4:39  Probe  
  51  4:40  Probe  
  51  4:42  Carrier (Chrono Boost)  
  53  4:55  Probe x2  
  55  5:09  Nexus  
  55  5:19  Probe x2  
  55  5:20  Pylon  
  57  5:23  Pylon  
  57  5:25  Pylon  
  57  5:27  Pylon  
  57  5:31  Probe x2  
  59  5:38  Carrier  
  65  5:44  Probe x2  
  65  5:49  Pylon  
  67  5:54  Carrier  
  67  5:56  Probe x2  
  75  6:02  Pylon  
  75  6:09  Probe x2  
  77  6:12  Protoss Air Weapons Level 2 (Chrono Boost)  
  77  6:15  Assimilator  
  77  6:21  Probe x2  
  79  6:28  Stargate  
  79  6:30  Stargate  
  79  6:33  Probe x2  
  81  6:42  Carrier  
  81  6:45  Probe  
  88  6:58  Carrier  
  94  7:12  Nexus  
  94  7:15  Probe x3  
  97  7:16  Assimilator  
  97  7:22  Carrier  
  103  7:27  Probe x3  
  103  7:28  Pylon  
  106  7:46  Carrier  
  112  8:02  Carrier  
  112  8:04  Assimilator  
  118  8:07  Assimilator  
  118  8:15  Protoss Air Weapons Level 3 (Chrono Boost), Forge  
  118  8:18  Twilight Council  
  118  8:22  Probe x2  
  118  8:23  Probe  
  118  8:24  Protoss Shields Level 1 (Chrono Boost)  
  118  8:27  Carrier  
  127  8:34  Probe x2  
  128  8:39  Probe x2  
  131  8:51  Carrier  
  131  8:52  Nexus  
  137  8:56  Assimilator  
  137  9:00  Probe x2  
  137  9:01  Assimilator  
  137  9:02  Probe  
  140  9:08  Carrier  
  146  9:18  Probe x2  
  148  9:29  Pylon  
  148  9:30  Pylon x2  
  148  9:32  Pylon  
  148  9:33  Pylon  
  148  9:36  Pylon  
  148  9:38  Pylon  
  148  9:41  Pylon  
  148  9:44  Pylon  
  148  9:47  Carrier, Probe x2  
  148  9:48  Probe  
  157  9:55  Carrier  
  163  10:12  Carrier  
  169  10:51  Carrier  
  175  10:58  Nexus  
  175  10:59  Carrier  
  175  11:00  Pylon x2  
  175  11:03  Pylon  
Show
View Real Time Build Order
Export as new Build Order

ALEPH Protoss 

Build Orders: Cannon Rush, Carriers 

Get SALT Encoding   

  12  0:01  Probe (Chrono Boost)  
  13  0:11  Probe (Chrono Boost)  
  14  0:25  Pylon  
  14  0:27  Probe  
  15  0:46  Forge  
  15  0:50  Gateway  
  15  0:55  Probe  
  16  1:04  Pylon  
  16  1:07  Probe  
  17  1:29  Photon Cannon  
  17  1:30  Photon Cannon  
  17  1:36  Photon Cannon  
  17  1:49  Probe (Chrono Boost)  
  17  1:52  Assimilator  
  18  1:54  Assimilator  
  18  1:59  Probe (Chrono Boost)  
  19  2:03  Cybernetics Core  
  19  2:04  Probe (Chrono Boost)  
  21  2:16  Probe (Chrono Boost)  
  21  2:41  Nexus  
  21  2:54  Stargate  
  21  2:58  Probe  
  22  3:10  Probe  
  23  3:22  Protoss Air Weapons Level 1 (Chrono Boost)  
  23  3:44  Fleet Beacon  
  23  3:53  Probe (Chrono Boost)  
  26  4:03  Probe (Chrono Boost)  
  26  4:04  Probe (Chrono Boost)  
  26  4:08  Probe (Chrono Boost)  
  26  4:11  Assimilator, Probe  
  26  4:16  Assimilator  
  28  4:19  Probe  
  28  4:23  Probe  
  30  4:31  Probe  
  30  4:37  Stargate  
  31  4:40  Pylon  
  31  4:42  Pylon  
  31  4:44  Probe  
  32  4:56  Probe  
  33  5:04  Stargate  
  33  5:09  Probe (Chrono Boost)  
  34  5:18  Probe (Chrono Boost)  
  36  5:28  Probe (Chrono Boost)  
  36  5:33  Probe (Chrono Boost)  
  36  5:34  Carrier (Chrono Boost)  
  43  5:44  Probe  
  43  5:47  Carrier (Chrono Boost)  
  50  5:52  Pylon  
  50  5:56  Probe  
  51  6:04  Carrier (Chrono Boost)  
  51  6:08  Probe  
  58  6:18  Photon Cannon  
  58  6:20  Photon Cannon, Probe  
  59  6:32  Probe  
  60  6:44  Probe  
  61  6:52  Protoss Air Weapons Level 2  
  61  6:56  Tempest, Probe  
  67  7:02  Pylon  
  67  7:09  Probe  
  68  7:21  Probe  
  69  7:26  Carrier  
  69  7:27  Nexus  
  75  7:33  Probe  
  70  8:14  Tempest  
  75  8:25  Pylon  
  75  8:27  Pylon  
  75  8:28  Pylon  
  75  8:29  Pylon  
  75  8:31  Pylon  
  75  8:35  Assimilator  
  75  8:39  Assimilator, Carrier  
  81  8:42  Pylon  
  70  8:52  Carrier  
  70  8:55  Mothership (Chrono Boost)  
  78  9:22  Protoss Air Armor Level 1 (Chrono Boost)  
  79  9:33  Probe (Chrono Boost)  
  79  9:37  Photon Cannon x2  
  79  9:40  Probe (Chrono Boost)  
  79  9:42  Photon Cannon  
  79  9:43  Photon Cannon  
  80  9:47  Photon Cannon  
  80  9:48  Photon Cannon  
  80  9:52  Photon Cannon, Probe (Chrono Boost)  
  81  9:55  Photon Cannon  
  81  9:58  Carrier  
  87  10:02  Probe (Chrono Boost)  
  89  10:08  Probe (Chrono Boost)  
  89  10:13  Probe (Chrono Boost)  
  90  10:16  Probe (Chrono Boost)  
  90  10:20  Probe x2 (Chrono Boost)  
  93  10:21  Probe (Chrono Boost)  
  94  10:31  Probe  
  94  10:32  Probe  
  96  10:43  Carrier x2, Probe  
  96  10:44  Probe  
  110  10:55  Probe  
  111  10:59  Assimilator  
  111  11:14  Stargate  
  111  11:16  Stargate  
  88  11:58  Pylon  
Show
View Real Time Build Order
Export as new Build Order

AlEHaD Protoss 

Build Orders: Blink Stalkers 

Get SALT Encoding   

  12  0:01  Probe  
  13  0:13  Probe  
  14  0:18  Pylon  
  14  0:27  Probe (Chrono Boost)  
  15  0:39  Probe (Chrono Boost)  
  15  0:41  Gateway  
  16  0:44  Probe (Chrono Boost)  
  16  0:48  Assimilator  
  17  0:53  Probe  
  18  1:05  Probe  
  18  1:07  Gateway  
  19  1:17  Probe  
  20  1:22  Assimilator  
  20  1:28  Cybernetics Core  
  20  1:30  Probe  
  21  1:42  Probe  
  21  1:43  Pylon  
  22  1:54  Pylon, Probe  
  23  2:08  Stalker x2  
  23  2:12  Warp Gate  
  27  2:22  Probe  
  28  2:23  Twilight Council  
  28  2:32  Pylon  
  28  2:38  Stalker  
  28  2:43  Stalker  
  32  2:56  Blink (Chrono Boost)  
  32  3:18  Nexus  
  32  3:24  Stalker  
  34  3:32  Stalker  
  36  3:37  Probe  
  37  3:45  Forge  
  37  4:03  Stalker  
  39  4:22  Stalker  
  39  4:23  Probe  
  42  4:31  Probe  
  43  4:32  Stalker  
  43  4:35  Probe  
  46  4:43  Probe  
  46  4:45  Photon Cannon  
  47  4:47  Probe  
  47  4:49  Pylon  
  48  4:53  Stalker  
  48  4:55  Probe  
  48  4:59  Probe  
  50  5:11  Stalker  
  50  5:12  Probe  
  54  5:14  Probe  
  54  5:15  Pylon  
  54  5:24  Probe  
  55  5:35  Stalker x2  
  55  5:58  Stalker x2  
  59  6:05  Probe  
  62  6:22  Gateway  
  62  6:24  Gateway  
  60  6:26  Stalker  
  60  6:27  Assimilator  
  60  6:31  Assimilator  
  44  6:55  Stalker x2  
  44  6:56  Probe  
  44  6:58  Probe  
  48  7:08  Probe  
  49  7:10  Probe  
  50  7:16  Pylon  
  50  7:19  Robotics Facility  
  50  7:20  Probe  
  51  7:27  Stalker  
  51  7:28  Stalker x3  
  51  7:29  Probe  
  60  7:35  Probe  
  61  7:42  Nexus  
  61  7:44  Pylon  
  61  7:50  Pylon  
  61  7:53  Stalker x2, Pylon  
  61  7:54  Stalker x2  
  69  8:02  Probe  
  69  8:03  Probe  
  69  8:05  Photon Cannon  
  71  8:10  Pylon, Protoss Shields Level 1  
  71  8:14  Probe  
  71  8:17  Stalker x4  
  80  8:24  Probe, Observer  
  76  8:41  Stalker x2  
  76  8:42  Stalker x2  
  82  8:53  Probe x2  
  82  8:54  Probe  
  75  9:05  Probe  
  75  9:08  Probe  
  75  9:09  Probe  
  78  9:13  Assimilator  
  78  9:14  Assimilator  
  78  9:16  Pylon  
  78  9:17  Pylon, Probe  
  78  9:19  Stalker x2  
  78  9:21  Probe  
  84  9:25  Stalker  
  86  9:33  Stalker  
  86  9:35  Probe x2  
  86  9:38  Warp Prism  
  92  9:48  Photon Cannon  
  90  10:01  Stalker  
  90  10:02  Stalker x3  
  90  10:04  Probe  
  100  10:07  Probe  
  100  10:25  Stalker x4  
  108  10:28  Probe  
  109  10:50  Stalker x4  
  117  11:13  Stalker x2  
  117  11:14  Stalker x2  
  117  11:15  Probe x2  
  127  11:43  Stalker x3  
  127  11:44  Stalker  
Show
View Real Time Build Order
Export as new Build Order

TATORREA Protoss 

Build Orders: Carrier Rush 

Get SALT Encoding   

  12  0:04  Probe  
  13  0:16  Probe  
  14  0:28  Probe  
  15  0:30  Pylon  
  15  0:48  Probe  
  16  1:00  Probe  
  17  1:07  Gateway  
  17  1:12  Probe  
  18  1:24  Assimilator  
  17  1:26  Pylon  
  17  1:28  Probe  
  17  1:29  Pylon  
  18  1:40  Probe  
  18  1:41  Assimilator  
  19  1:52  Probe  
  20  2:05  Probe  
  20  2:07  Cybernetics Core  
  21  2:17  Probe  
  22  2:29  Nexus  
  22  2:32  Pylon  
  22  2:36  Pylon  
  22  2:40  Probe  
  23  2:51  Stargate  
  23  2:52  Probe  
  23  2:53  Warp Gate  
  24  3:04  Probe  
  25  3:16  Probe  
  26  3:28  Probe  
  27  3:36  Fleet Beacon  
  27  3:40  Probe  
  28  3:42  Probe  
  29  3:49  Assimilator  
  29  3:53  Probe  
  29  3:54  Assimilator, Probe  
  31  4:05  Probe  
  31  4:06  Probe  
  33  4:14  Stargate  
  33  4:17  Probe  
  33  4:18  Probe  
  33  4:21  Cybernetics Core  
  35  4:30  Probe  
  35  4:31  Probe  
  37  4:42  Probe  
  37  4:43  Probe  
  39  4:48  Carrier  
  45  4:54  Probe  
  45  4:55  Probe  
Show
View Real Time Build Order
Export as new Build Order

MrFercho Zerg 

Build Orders: Hatch First 

Get SALT Encoding   

  12  0:00  Drone  
  13  0:18  Overlord  
  13  0:19  Drone  
  14  0:40  Drone  
  14  0:41  Drone x2  
  17  0:52  Hatchery  
  17  0:56  Drone  
  17  1:03  Drone  
  18  1:09  Extractor  
  17  1:17  Spawning Pool  
  16  1:18  Drone  
  18  1:25  Drone  
  18  1:34  Drone  
  19  1:47  Drone  
  20  1:59  Overlord  
  20  2:06  Queen x2  
  20  2:08  Drone x2  
  26  2:17  Drone  
  26  2:18  Drone  
  28  2:26  Overlord  
  28  2:28  Drone  
  29  2:40  Drone x2  
  31  2:45  Lair  
  31  2:49  Queen  
  33  2:51  Overlord  
  33  2:53  Drone  
  34  3:05  Drone x2  
  36  3:09  Drone  
  36  3:11  Extractor  
  36  3:13  Extractor  
  35  3:21  Drone x7  
  42  3:55  Queen  
  42  3:58  Drone x3  
  42  4:00  Hatchery  
  46  4:05  Hydralisk Den  
  45  4:10  Spire  
  45  4:17  Extractor  
  43  4:20  Drone x3  
  43  4:21  Drone x2  
  43  4:22  Drone  
  49  4:28  Overlord x2  
  49  4:31  Overlord  
  49  4:41  Spore Crawler  
  49  4:44  Spore Crawler  
  47  4:45  Spore Crawler  
  47  4:50  Drone  
  47  4:51  Drone  
  48  4:54  Pneumatized Carapace  
  48  5:03  Muscular Augments  
  48  5:06  Hydralisk x3  
  48  5:07  Hydralisk x3  
  60  5:14  Zergling x2  
  60  5:15  Zergling x10  
  66  5:30  Mutalisk x4  
  71  6:06  Metabolic Boost  
  71  6:09  Zerg Flyer Weapons Level 1  
  71  6:14  Grooved Spines  
  71  6:23  Hydralisk  
  73  6:26  Overlord x8  
  73  6:37  Hydralisk x2  
  72  6:54  Hydralisk  
  72  6:55  Hydralisk x6  
  86  7:07  Evolution Chamber  
  85  7:09  Infestation Pit  
  85  7:13  Corruptor x3  
  90  7:20  Drone x5  
  95  7:28  Drone x3  
  95  7:29  Queen  
  100  7:33  Zerg Missile Weapons Level 1  
  100  7:42  Corruptor  
  100  7:43  Corruptor x6  
  100  8:01  Corruptor  
  100  8:02  Corruptor x3  
  108  8:19  Spore Crawler  
  107  8:20  Spore Crawler  
  107  8:23  Corruptor  
  107  8:24  Corruptor x2  
  112  8:30  Burrow  
  108  9:00  Hydralisk  
  108  9:01  Hydralisk x8  
  122  9:07  Overlord x2  
  122  9:08  Overlord  
  122  9:33  Hatchery  
  121  9:47  Corruptor x6  
  131  10:08  Extractor  
  131  10:09  Extractor  
  129  10:16  Drone x5  
  129  10:17  Drone x3  
  133  10:25  Hydralisk x8  
  147  10:43  Hive  
  139  10:50  Zergling x28  
  139  10:51  Zergling x2  
Show
View Real Time Build Order
Export as new Build Order

tigro Terran 

Build Orders:  

Get SALT Encoding   

  12  0:26  Supply Depot  
  12  0:30  SCV  
  13  0:43  SCV  
  13  0:48  Supply Depot  
  14  0:52  Barracks  
  14  0:55  SCV  
  15  1:00  Refinery  
  15  1:10  SCV  
  16  1:22  SCV  
  17  1:33  Refinery  
  17  1:34  SCV  
  18  1:40  Marine  
  18  1:46  SCV  
  20  1:57  Marine  
  20  1:58  SCV  
  22  2:10  SCV  
  23  2:15  Marine  
  24  2:23  Factory, SCV  
  25  2:33  Marine  
  25  2:35  SCV  
  27  2:47  Engineering Bay  
  27  2:51  Marine  
  28  3:10  Barracks Tech Lab  
  28  3:12  Orbital Command  
  28  3:13  Command Center  
  28  3:14  Factory Tech Lab  
  28  3:42  Missile Turret  
  28  3:56  Siege Tank  
  31  4:07  Missile Turret  
  31  4:17  Terran Infantry Weapons Level 1  
  31  4:22  Combat Shield  
  31  4:28  Missile Turret, Refinery  
  31  4:39  SCV  
  32  4:51  SCV  
  33  4:56  Siege Tank  
  33  4:57  Missile Turret  
  36  5:03  Refinery, SCV  
  29  5:15  Marine, SCV  
  31  5:27  SCV  
  32  5:33  Marine  
  33  5:41  Stimpack, Siege Tank  
  36  5:50  Starport, SCV  
  36  5:51  Marine  
  38  6:02  SCV  
  39  6:09  Marine  
  40  6:12  Terran Infantry Armor Level 1  
  40  6:13  Siege Tank  
  40  6:14  SCV  
  41  6:32  Supply Depot  
  41  6:56  Supply Depot  
  41  7:12  Barracks  
  41  7:16  Medivac, Siege Tank  
  41  7:17  Marine  
  41  7:18  SCV  
  41  7:20  Supply Depot  
  48  7:30  SCV  
  48  7:35  Marine  
  50  7:42  SCV  
  51  7:48  Siege Tank  
  54  7:54  SCV  
  55  8:02  Starport Tech Lab  
  55  8:06  Hi-Sec Auto Tracking, SCV  
  55  8:08  Barracks Reactor  
  56  8:18  SCV  
  57  8:20  Siege Tank  
  60  8:32  Missile Turret  
  46  8:51  Missile Turret  
  46  9:01  Marine x3  
  49  9:11  Fusion Core  
  49  9:13  Armory  
  49  9:15  SCV  
  50  9:18  Marine  
  50  9:19  Marine x2  
  53  9:27  Command Center, SCV  
  53  9:28  Cyclone  
  57  9:32  Neosteel Armor  
  57  9:36  Marine  
  57  9:37  Marine x2  
  60  9:39  SCV  
  61  9:51  SCV  
  62  9:54  Marine x3  
  65  10:00  Cyclone  
  65  10:03  SCV  
  69  10:12  Marine  
  70  10:15  Supply Depot  
  70  10:18  Weapon Refit  
  70  10:36  Viking, Cyclone  
  70  10:38  Supply Depot  
  70  10:42  Refinery  
  75  10:45  Supply Depot, Refinery  
  75  11:01  Supply Depot, Starport  
  75  11:06  Viking  
  75  11:08  Supply Depot, Cyclone  
  80  11:24  Supply Depot  
  80  11:31  Supply Depot  
  80  11:36  Viking  
  82  11:40  Cyclone  
  82  11:43  Medivac  
  87  11:47  Supply Depot  
  87  11:54  Supply Depot  
  67  12:11  Supply Depot  
Tags
 
Add a new tag
Caveats
  • Supply blocks, unpowered buildings, or Contaminate may cause inaccurate times.
  • Supply counts are checked every 10 seconds.